 Dungeon Sprint DCSS version 0.21-a0-297-ga3d34c2 (webtiles) character file.

77 potatolord6000 the Insei (level 4, 0/34 HPs)
             Began as a Gnoll Transmuter on Sept 28, 2017.
             Was a Follower of Sif Muna.
             Slain by a wight
             ... wielding a cursed +5 short sword
              (8 damage)
             ... in the Dungeon (Sprint VII: "The Pits").
             The game lasted 00:01:53 (684 turns).

potatolord6000 the Insei (Gnoll Transmuter)          Turns: 684, Time: 00:01:53

Health: 0/34       AC:  2    Str: 13    XL:     4   Next: 33%
Magic:  10/11      EV: 15    Int: 16    God:    Sif Muna [*.....]
Gold:   0          SH:  0    Dex: 15    Spells: 8/13 levels left

rFire    . . .     SeeInvis .   q - +3 long sword (holy)
rCold    . . .     Gourm    .   (no shield)
rNeg     . . .     Faith    .   b - +0 robe
rPois    .         Spirit   .   (no helmet)
rElec    .         Reflect  .   (no cloak)
rCorr    .         Harm     .   (no gloves)
MR       .....     NoTele   +   (no boots)
Stlth    ++........             (no amulet)
HPRegen  0.11/turn              (no ring)
MPRegen  0.12/turn              (no ring)

@: appendage, very slightly contaminated, drained
A: distributed training, fangs 1, horns 2, strong nose
a: End Transformation, Divine Energy, Renounce Religion


You were in the Dungeon.
You worshipped Sif Muna.
Sif Muna was aware of your devotion.
You were completely stuffed.
You had grown temporary horns.
You visited 1 branch

Inventory:

Hand Weapons
 q - a +3 long sword of holy wrath (weapon)
Armour
 b - a +0 robe (worn)
Scrolls
 j - a scroll of blinking
 k - 3 scrolls of remove curse
 l - 5 scrolls of amnesia
 m - a scroll of summoning
Potions
 a - 5 potions of curing
 e - 2 potions of invisibility
 f - 6 potions of heal wounds
 g - a potion of haste
 h - 4 potions of magic
 i - 2 potions of berserk rage
Books
 c - a book of Changes

   Spells                             Type                      Level
   a - Beastly Appendage              Transmutation                1
   b - Sticks to Snakes               Transmutation                2
   c - Spider Form                    Transmutation/Poison         3
   d - Ice Form                       Ice/Transmutation            4
   e - Blade Hands                    Transmutation                5
Comestibles
 d - 8 bread rations
 n - 40 fruits
 o - 5 meat rations


   Skills:
 + Level 2.8(2.5) Fighting
 + Level 2.3(2.0) Short Blades
 + Level 3.5(3.1) Long Blades
 + Level 2.3(2.0) Axes
 + Level 3.1(2.7) Maces & Flails
 + Level 2.0(1.7) Polearms
 + Level 2.0(1.7) Staves
 + Level 2.3(2.0) Slings
 + Level 2.3(2.0) Bows
 + Level 2.3(2.0) Crossbows
 + Level 3.5(3.1) Throwing
 + Level 2.6(2.3) Armour
 + Level 5.3(4.9) Dodging
 + Level 3.1(2.7) Stealth
   Level 0.0 Stabbing
 + Level 2.6(2.3) Shields
   Level 0.0 Traps
 + Level 7.0(6.6) Unarmed Combat
 + Level 5.4(5.0) Spellcasting
 + Level 2.3(2.0) Conjurations
 + Level 2.0(1.7) Hexes
 + Level 2.6(2.3) Charms
 + Level 2.3(2.0) Summonings
 + Level 2.3(2.0) Necromancy
 + Level 2.8(2.5) Translocations
 + Level 5.0(4.7) Transmutations
 + Level 2.8(2.5) Fire Magic
 + Level 3.3(2.9) Ice Magic
 + Level 2.3(2.0) Air Magic
 + Level 2.3(2.0) Earth Magic
 + Level 3.1(2.7) Poison Magic
 + Level 1.7(1.4) Invocations
 + Level 2.6(2.3) Evocations


You had 8 spell levels left.
You knew the following spells:

 Your Spells              Type           Power        Failure   Level  Hunger
a - Beastly Appendage     Tmut           ###...       2%          1    None
b - Ice Form              Ice/Tmut       ###.....     30%         4    ####...


Dungeon Overview and Level Annotations

Branches:
Dungeon (1/1)

Altars:
Ashenzari
Cheibriados
Dithmenos
Elyvilon
Fedhas
Gozag
Hepliaklqana
Kikubaaqudgha
Makhleb
Nemelex Xobeh
Okawaru
Qazlal
Ru
Sif Muna
Trog
Uskayaw
Vehumet
Wu Jian
Xom
Yredelemnul
Zin
The Shining One
Beogh
Jiyva
Lugonu

Annotations:
D Prince Ribbit


Innate Abilities, Weirdness & Mutations

Your experience applies equally to all skills.
You have very sharp teeth.
Your uncanny sense of smell can sniff out nearby items.
You have a pair of horns on your head.


Message History

The centaur shouts!
Your headbutt misses the wight. You punch the wight, but do no damage.
The wight hits you with an enchanted short sword.
Unknown command.
You barely miss the wight. Your headbutt misses the wight. You punch the wight.
The wight is lightly damaged.
The wight hits you with an enchanted short sword!
You feel drained.
Prince Ribbit comes into view.
Unknown command.
You hit the wight.
The wight convulses.
The wight is heavily damaged.
Prince Ribbit blinks!
The wight barely misses you.
Unknown command.
You barely miss the wight.
The wight is heavily damaged.
The wight hits you with an enchanted short sword!
* * * LOW HITPOINT WARNING * * *
The wight hits you with an enchanted short sword!
You die...

#..........)'.....
#'#####'#####.....
#.#...#.#..##.....
#.#...#.#))#####'#
#.#...).#))##.....
#.##)####))##.....
#.#.....#[[##.....
#.#.....#'###...<.
#@#........##.....
#z#........##.....
#h###########.....
#zc....n# ######
#.###z..# #.# .#
∆∆ #.# ∆ #F. ∆ #..
∆


You could see Prince Ribbit, a centaur, 2 wights and a jackal.

Vanquished Creatures
  Terence (D)
  A worker ant (D)
  A gnoll (D)
  An adder (D)
  An orc (D)
  A bat skeleton (D)
  A bat zombie (D)
  A goblin (D)
  A ball python (D)
9 creatures vanquished.

Notes
Turn   | Place    | Note
-------+----------+-------------------------------------------
     0 | D        | potatolord6000 the Gnoll Transmuter began the quest for the Orb.
     0 | D        | Reached XP level 1. HP: 17/17 MP: 6/6
    19 | D        | Reached skill level 1 in Axes
    19 | D        | Reached skill level 1 in Maces & Flails
    19 | D        | Reached skill level 1 in Slings
    19 | D        | Reached skill level 1 in Bows
    19 | D        | Reached skill level 1 in Crossbows
    19 | D        | Reached skill level 1 in Armour
    19 | D        | Reached skill level 1 in Stealth
    19 | D        | Reached skill level 1 in Shields
    19 | D        | Reached skill level 5 in Spellcasting
    19 | D        | Reached skill level 1 in Charms
    19 | D        | Reached skill level 1 in Fire Magic
    19 | D        | Reached skill level 1 in Ice Magic
    19 | D        | Reached skill level 1 in Air Magic
    19 | D        | Reached skill level 1 in Earth Magic
    19 | D        | Reached skill level 1 in Poison Magic
    19 | D        | Reached skill level 1 in Evocations
    19 | D        | Reached XP level 2. HP: 3/23 MP: 6/8
    52 | D        | Found a bloodstained altar of Trog.
    52 | D        | Found a deep blue altar of Sif Muna.
    52 | D        | Found a viscous altar of Jiyva.
    52 | D        | Found a hazy altar of Hepliaklqana.
    52 | D        | Found an opulent altar of Gozag.
    53 | D        | Found a glowing golden altar of the Shining One.
    53 | D        | Found a glowing silver altar of Zin.
    53 | D        | Found a basalt altar of Yredelemnul.
    53 | D        | Found a shimmering altar of Xom.
    53 | D        | Found an ornate altar of the Wu Jian Council.
    53 | D        | Found a sacrificial altar of Ru.
    53 | D        | Found a stormy altar of Qazlal.
    53 | D        | Found an iron altar of Okawaru.
    53 | D        | Found a sparkling altar of Nemelex Xobeh.
    53 | D        | Found a burning altar of Makhleb.
    53 | D        | Found a blossoming altar of Fedhas.
    53 | D        | Found a white marble altar of Elyvilon.
    53 | D        | Found a shadowy altar of Dithmenos.
    53 | D        | Found a snail-covered altar of Cheibriados.
    56 | D        | Found a corrupted altar of Lugonu.
    56 | D        | Found a radiant altar of Vehumet.
    56 | D        | Found a roughly hewn altar of Beogh.
    57 | D        | Found an ancient bone altar of Kikubaaqudgha.
    57 | D        | Found a hide-covered altar of Uskayaw.
    57 | D        | Found a shattered altar of Ashenzari.
    58 | D        | Became a worshipper of Sif Muna the Loreminder
   297 | D        | Reached skill level 1 in Short Blades
   297 | D        | Reached skill level 1 in Necromancy
   299 | D        | Reached skill level 1 in Summonings
   299 | D        | Reached skill level 1 in Translocations
   582 | D        | Noticed Terence
   587 | D        | Reached skill level 1 in Hexes
   587 | D        | Reached XP level 3. HP: 28/28 MP: 9/9
   589 | D        | Reached * piety under Sif Muna
   589 | D        | Reached skill level 1 in Polearms
   591 | D        | Killed Terence
   591 | D        | Reached skill level 1 in Staves
   591 | D        | Reached skill level 5 in Dodging
   591 | D        | Reached skill level 1 in Invocations
   596 | D        | Reached skill level 7 in Unarmed Combat
   596 | D        | Reached skill level 5 in Transmutations
   596 | D        | Reached XP level 4. HP: 34/34 MP: 11/11
   650 | D        | Learned a level 4 spell: Ice Form
   674 | D        | Noticed a necrophage
   681 | D        | Noticed a centaur
   683 | D        | Noticed Prince Ribbit
   684 | D        | Slain by a wight

Vault maps used:
D:        pitsprint

Skill      XL: |  1  2  3 |
---------------+----------+-----
Long Blades    | 2 3 |  3.5
Axes           | 1 2 |  2.3
Maces & Flails | 1 2 3 |  3.1
Slings         | 1 2 |  2.3
Bows           | 1 2 |  2.3
Crossbows      | 1 2 |  2.3
Throwing       | 2 3 |  3.5
Armour         | 1 2 |  2.6
Stealth        | 1 2 3 |  3.1
Shields        | 1 2 |  2.6
Spellcasting   | 5 |  5.4
Charms         | 1 2 |  2.6
Fire Magic     | 1 2 |  2.8
Ice Magic      | 1 2 3 |  3.3
Air Magic      | 1 2 |  2.3
Earth Magic    | 1 2 |  2.3
Poison Magic   | 1 2 3 |  3.1
Evocations     | 1 2 |  2.6
Short Blades   | 1 2 |  2.3
Necromancy     | 1 2 |  2.3
Summonings     | 1 2 |  2.3
Translocations | 1 2 |  2.8
Hexes          | 1 2 |  2.0
Polearms       | 2 |  2.0
Staves         | 2 |  2.0
Dodging        | 5 |  5.3
Conjurations   | 2 |  2.3
Invocations    | 1 |  1.7
Unarmed Combat | 7 |  7.0
Transmutations | 5 |  5.0
Fighting       | |  2.8

Action                   |  1- 3 |  4- 6 || total
-------------------------+-------+-------++-------
Melee: Unarmed           |     3 |       ||     3
       Kick              |     6 |       ||     6
       Bite              |     3 |       ||     3
       Falchion          |    19 |       ||    19
       Long sword        |       |     4 ||     4
       Punch             |       |     2 ||     2
 Cast: Beastly Appendage |     3 |     1 ||     4
  Use: Potion            |     2 |       ||     2
 Stab: Sleeping          |     1 |       ||     1
  Eat: Meat ration       |       |     2 ||     2
Armor: Robe              |     5 |       ||     5
Dodge: Dodged            |    20 |     2 ||    22
       Rpst.: Falchion   |     2 |       ||     2

Table legend:
 A = Spawn XP
 B = Non-spawn XP
 C = Spawn XP percentage of total XP
 D = Spawn monster count
 E = Non-spawn monster count
 F = Spawn count percentage of total count
 G = Total turns spent on level
                    A         B        C        D         E        F      G
               +---------+---------+-------+---------+---------+-------+---------
         Total |       0 |     110 |   0.0 |       0 |       9 |   0.0 |   684
               +---------+---------+-------+---------+---------+-------+---------
             D |       0 |     110 |   0.0 |       0 |       9 |   0.0 |   684
               +---------+---------+-------+---------+---------+-------+---------
